[Event "*** Titled Tuesday Blitz"]
[Site "Chess.com"]
[Date "2020.10.27"]
[Round "1"]
[White "esapunov"]
[Black "andrzej"]
[Result "1-0"]
[WhiteElo "2648"]
[BlackElo "2302"]
[TimeControl "180+1"]
[EndTime "10:06:53 PDT"]
[Termination "esapunov won by checkmate"]

1. c4 Nf6 2. Nf3 e6 3. Nc3 d5 4.
e3 b6 5. b3 Bb7 6. Bb2 Nbd7 7.
Rc1 a6 8. cxd5 exd5 9. Be2 Bd6 10. O-O O-O 11. Qc2 Qe7 12. Rfe1 Rfe8 13. Nd4 Qe5 14. f4 Qe7 15. Nf5 Qe6 16. Nxd6 Qxd6 17. Bf3 Rad8 18. Ne2 c5 19. Ng3 Ne4 20. Bxe4 dxe4 21. Nf5 Qg6 22. Nxg7 Rf8 23. Qc3 h5 24. f5 Qh6 25.
Rf1 Kh7 26. Rf4 Rg8 27. f6 Qg5 28. Rcf1 Nf8 29. Rf5 Qg4 30. Rxh5+ Kg6 31. Rh3 Qe2 32. Qe5 Rd5 33. Rg3+ Kh6 34. Qf4+ Kh7 35. Rh3+ Kg6 36.
Rh6# 1-0

[Event "*** Titled Tuesday Blitz"]
[Site "Chess.com"]
[Date "2020.10.27"]
[Round "1"]
[White "HanSchut"]
[Black "Trankuilizer"]
[Result "0-1"]
[WhiteElo "2243"]
[BlackElo "2588"]
[TimeControl "180+1"]
[EndTime "10:06:53 PDT"]
[Termination "Trankuilizer won by resignation"]

1. e4 d6 2. d4 Nf6 3. Nc3 g6 4. f4 Bg7 5. Nf3 O-O 6. Bd3 Na6 7. O-O c5 8. Bxa6 bxa6 9. dxc5 dxc5 10. e5 Nd7 11.
Be3 Bb7 12. Qd2 Qc7 13. Nd5 Bxd5 14. Qxd5 Rac8 15. e6 Nb6 16. exf7+ Rxf7 17. Qe6 Qd6 18. Qe4 Qd5 19. Qxd5 Nxd5 20. Bc1 Nxf4 21. Bxf4 Rxf4 22.
c3 Bf6 23. Rad1 Ra4 24. a3 Rb8 25. Rf2 Rb7 26. Re2 Kg7 27. Rd5 Ra5 28. Ne5 Rab5 29. b4 cxb4 30. c4 Rxd5 31. cxd5 bxa3 32. Nc4 Rb3 33.
g3 Rc3 34. Na5 Rc5 35. Nc6 Rxd5 36. Nxe7 Rd1+ 37. Kg2 a2 38. Nd5 a1=Q 0-1

[Event "*** Titled Tuesday Blitz"]
[Site "Chess.com"]
[Date "2020.10.27"]
[Round "1"]
[White "ailime26"]
[Black "vanyakuba"]
[Result "0-1"]
[WhiteElo "1894"]
[BlackElo "2504"]
[TimeControl "180+1"]
[EndTime "10:06:53 PDT"]
[Termination "vanyakuba won by resignation"]

1. e4 d5 2. exd5 Qxd5 3. Nc3 Qa5 4. Nf3 Nf6 5. d4 Bg4 6. Bd2 c6 7. h3 Bf5 8. g4 Bg6 9. Bg2 e6 10. O-O Qc7 11. Ne5 Nbd7 12. f4 O-O-O 13. Be3 Nxe5 14. fxe5 Nd5 15. Nxd5 exd5 16. b3 Be7 17. c4 dxc4 18. bxc4 h5 19. g5 Bc5 20. Rc1 Rhe8 21. Qe2 Bxd4 22.
Bxd4 Rxd4 23. Qe3 Qxe5 24. Qf2 Qe3 25. Kh2 Qxf2 26. Rxf2 h4 27. Rc3 Kc7 28. a3 Re1 29. Rb3 Rxc4 30. Rd3 Bxd3 31. Rxf7+ Kb6 32. a4 Rc2 33.
a5+ Kxa5 34. Rxb7 Bf1 35. Rxa7+ Kb6 36. Ra6+ Kxa6 37. Kg1 Rxg2+ 0-1

[Event "*** Titled Tuesday Blitz"]
[Site "Chess.com"]
[Date "2020.10.27"]
[Round "1"]
[White "Yoshikrov"]
[Black "scarabee43"]
[Result "0-1"]
[WhiteElo "2120"]
[BlackElo "2539"]
[TimeControl "180+1"]
[EndTime "10:06:55 PDT"]
[Termination "scarabee43 won on time"]

1. e4 c5 2. Nf3 e6 3. d4 cxd4 4. Nxd4 Nc6 5. Nc3 Qc7 6. f4 Nxd4 7. Qxd4 b6 8. Bd2 Bb7 9. O-O-O Nf6 10. Kb1 Bc5 11. Qd3 O-O 12. Be3 Bb4 13. Nb5 Qc6 14.
e5 Nd5 15. Nd4 Qc7 16. Rg1 Rac8 17. g4 Ba6 18. Qb3 Bxf1 19. Rgxf1 Bc5 20. Rf2 Rfd8 21. Nb5 Qb8 22. Bxc5 Rxc5 23. Nd6 f6 24. Rfd2 fxe5 25.
fxe5 Ne7 26. Nc4 Qc7 27. Nd6 Rxe5 28. Nb5 Qb7 29. Qa3 Nc6 30. Nd6 Qb8 31. Nc4 Rc5 32.
Ne3 d5 33. Qd3 Ne5 34. Qe2 Qc7 35. h3 Rd6 36. c3 b5 37. Nc2 Nc4 38. Rd4 e5 39. Rxd5 Rcxd5 0-1

[Event "*** Titled Tuesday Blitz"]
[Site "Chess.com"]
[Date "2020.10.27"]
[Round "1"]
[White "BillCoe"]
[Black "TheCavemanChesss"]
[Result "0-1"]
[WhiteElo "2014"]
[BlackElo "2515"]
[TimeControl "180+1"]
[EndTime "10:06:56 PDT"]
[Termination "TheCavemanChesss won by resignation"]

1. e4 e5 2. Nf3 Nc6 3. Bb5 Nf6 4. O-O Nxe4 5. Re1 Nd6 6. Nxe5 Be7 7.
Nxc6 dxc6 8. Bf1 O-O 9. d4 Re8 10. Nc3 Bf6 11. Rxe8+ Qxe8 12. Ne2 Bg4 13. h3 Bxe2 14.
Bxe2 Bxd4 15. Qxd4 Qxe2 16. Bf4 Qxc2 17. Bxd6 cxd6 18. Qxd6 Qxb2 19. Rd1 g6 20. a4 a5 21.
Qc7 Qb4 22. Rd7 Rf8 23. Qxb7 Qxb7 24. Rxb7 Rc8 25. Kf1 c5 26. Ke2 c4 27. Kd2 c3+ 28.
Kc2 Rc4 29. Ra7 Rxa4 30. Kxc3 Ra2 31. Kd4 Rxf2 32. Rxa5 Rxg2 0-1

[Event "*** Titled Tuesday Blitz"]
[Site "Chess.com"]
[Date "2020.10.27"]
[Round "1"]
[White "DenisQ"]
[Black "ega2006"]
[Result "0-1"]
[WhiteElo "2652"]
[BlackElo "2353"]
[TimeControl "180+1"]
[EndTime "10:06:57 PDT"]
[Termination "ega2006 won by resignation"]

1. Nf3 Nf6 2. c4 g6 3. Nc3 Bg7 4. g3 d6 5. Bg2 O-O 6. O-O e5 7. Rb1 a5 8. a3 Nc6 9. b4 axb4 10.
axb4 Re8 11. d3 e4 12. Ng5 exd3 13. exd3 h6 14. Nge4 Nxe4 15. Nxe4 Nd4 16. Be3 Bf5 17.
Re1 Qc8 18. b5 Bg4 19. f3 Bh3 20. Qd2 Bxg2 21. Kxg2 Qf5 22. Rf1 h5 23. b6 d5 24.
cxd5 Qxd5 25. Rf2 c6 26. Bg5 Re6 27. Bh6 Bh8 28. Qf4 Nf5 29. Bg5 Qxd3 30. Re1 Be5 31. Nf6+ Rxf6 32. Qxe5 Re6 0-1

[Event "*** Titled Tuesday Blitz"]
[Site "Chess.com"]
[Date "2020.10.27"]
[Round "1"]
[White "Flawless_Fighter"]
[Black "barbara25"]
[Result "1-0"]
[WhiteElo "2592"]
[BlackElo "2250"]
[TimeControl "180+1"]
[EndTime "10:06:58 PDT"]
[Termination "Flawless_Fighter won by checkmate"]

1. e4 c5 2. Nf3 d6 3. d4 cxd4 4. Nxd4 Nf6 5. Nc3 a6 6. a3 e5 7.
Nf5 Bxf5 8. exf5 d5 9. Bg5 d4 10. Ne4 Nbd7 11. Bd3 Be7 12. Bxf6 Nxf6 13. Qf3 Rb8 14.
O-O O-O 15. Rae1 Nxe4 16. Rxe4 Bf6 17. Rfe1 Qd6 18. h4 Kh8 19. Qh5 b5 20. g4 g6 21. Qh6 Bg7 22. Qd2 gxf5 23. gxf5 Bh6 24. Qe2 f6 25. Qh5 Rg8+ 26. Kh1 Bf4 27. Qf3 Rg7 28.
Rg1 Rbg8 29. Rxg7 Rxg7 30. Re1 h6 31. Qa8+ Kh7 32. Be4 b4 33. a4 Rg8 34. Qb7+ Rg7 35. Qc8 Rg8 36. Qc4 a5 37. Rg1 Rxg1+ 38. Kxg1 Qe7 39. Kf1 Bc1 40. b3 Bf4 41. Qd5 Qc7 42. Bd3 e4 43. Bxe4 Be5 44. Bd3 h5 45. Bc4 Kh6 46.
Qg8 Qg7 47. Qe8 Qg4 48. Qh8# 1-0

[Event "*** Titled Tuesday Blitz"]
[Site "Chess.com"]
[Date "2020.10.27"]
[Round "1"]
[White "MF1966Idrisov"]
[Black "alexrustemov"]
[Result "1-0"]
[WhiteElo "2342"]
[BlackElo "2653"]
[TimeControl "180+1"]
[EndTime "10:06:59 PDT"]
[Termination "MF1966Idrisov won by resignation"]

1. Nf3 d5 2. b3 Nf6 3. Bb2 Bf5 4. e3 e6 5. d4 h6 6. Bd3 Bxd3 7. cxd3 Be7 8. O-O O-O 9. Nbd2 a5 10. a3 c6 11. Ne5 Nbd7 12. f4 Nxe5 13. dxe5 Nd7 14. d4 f5 15. exf6 Nxf6 16. Kh1 Qe8 17. Qf3 Qh5 18.
Qxh5 Nxh5 19. g3 Nf6 20. e4 Nxe4 21. Nxe4 dxe4 22. Rae1 Bf6 23. Rxe4 Kf7 24. h4 Rfd8 25. f5 exf5 26. Rxf5 Rd5 27. Rxd5 cxd5 28. Re2 h5 29. Kg2 Rc8 30. Kh3 g6 31. g4 hxg4+ 32. Kxg4 Rh8 33. Rh2 Rh5 34. Bc3 b6 35. b4 a4 36. b5 Be7 37.
Bb4 Bxb4 38. axb4 Rh8 39. Ra2 Ra8 40. Ra3 Kf6 41. Kf4 Kg7 42. Ke5 Kf7 43. Kxd5 Rd8+ 44. Kc6 Rxd4 45. Rxa4 Rxh4 46. Kxb6 g5 47. Ka7 g4 48. b6 g3 49. Ra3 Rg4 50. b7 g2 51.
Ra1 Rf4 52. Rg1 Rxb4 53. b8=Q 1-0

[Event "*** Titled Tuesday Blitz"]
[Site "Chess.com"]
[Date "2020.10.27"]
[Round "1"]
[White "SanchezKelvin"]
[Black "Arseniy_Nesterov"]
[Result "0-1"]
[WhiteElo "2407"]
[BlackElo "2805"]
[TimeControl "180+1"]
[EndTime "10:07:00 PDT"]
[Termination "Arseniy_Nesterov won on time"]

1. d4 d5 2. c4 c6 3. Nf3 Nf6 4. Nc3 dxc4 5. a4 a5 6. e3 Bg4 7. Bxc4 e6 8. h3 Bh5 9. Be2 Bb4 10. Ne5 Bg6 11. O-O Nbd7 12. Nxd7 Nxd7 13. Bd3 O-O 14. e4 Nf6 15. e5 Nd5 16. Ne4 Be7 17. Bb1 Qd7 18. Be3 Rfd8 19. Nc3 Bxb1 20. Rxb1 Ra6 21. Nxd5 Qxd5 22. Qc2 Rb6 23. b3 Rd7 24. f4 g6 25. g4 Rb4 26. f5 Bd8 27. fxe6 Qxe6 28. Rfd1 Bb6 29. Qf2 Rxb3 30. Rxb3 Qxb3 31. Rf1 Qd5 32. Kh2 Bxd4 33. e6 Be5+ 34. Kg1 Qxe6 0-1

[Event "*** Titled Tuesday Blitz"]
[Site "Chess.com"]
[Date "2020.10.27"]
[Round "1"]
[White "ural58"]
[Black "Margency"]
[Result "0-1"]
[WhiteElo "2341"]
[BlackElo "2677"]
[TimeControl "180+1"]
[EndTime "10:07:00 PDT"]
[Termination "Margency won by resignation"]

1. e4 c5 2. b3 d6 3. Bb2 Nc6 4. f4 Nf6 5. Qf3 g6 6. Bb5 Bd7 7. e5 dxe5 8. fxe5 Nxe5 9. Bxe5 Bxb5 10. Qxb7 Bd7 11. Bxf6 exf6 12. Nc3 Bh6 13. Qe4+ Kf8 14. O-O-O Kg7 15. Nf3 Re8 16. Qd3 Bf5 17. Qxd8 Raxd8 18. h3 Bc8 19. Rhe1 Bb7 20. Rxe8 Rxe8 21. Rf1 f5 22.
Kb2 Bxf3 23. Rxf3 Bxd2 24. Na4 Be3 25. Kc3 Re4 26. Kd3 Bg1 27. Rf1 Bh2 28. Nxc5 Re7 29. a4 h5 30. b4 Bd6 31. Na6 f4 32. c4 Re3+ 33. Kd4 Be5+ 34. Kd5 Kf6 35. b5 Re2 36. Rg1 Kf5 37. c5 Rd2+ 38. Kc6 g5 39. a5 g4 40. hxg4+ hxg4 41. b6 axb6 42. cxb6 Rc2+ 43. Kd5 Rd2+ 44. Kc6 Rc2+ 45. Kd5 Rb2 46. Nc5 Rb5 47. Ra1 Bxa1 0-1

[Event "*** Titled Tuesday Blitz"]
[Site "Chess.com"]
[Date "2020.10.27"]
[Round "1"]
[White "bangchess21"]
[Black "Nemsko"]
[Result "1-0"]
[WhiteElo "2702"]
[BlackElo "2351"]
[TimeControl "180+1"]
[EndTime "10:07:02 PDT"]
[Termination "bangchess21 won by resignation"]

1. e4 e5 2. Nf3 Nc6 3. d4 exd4 4.
Nxd4 Nf6 5. Nxc6 bxc6 6. e5 Qe7 7. Qe2 Nd5 8. h4 h5 9. c4 Ba6 10. Bg5 f6 11. exf6 Qxe2+ 12. Bxe2 Nxf6 13. Bxf6 gxf6 14. Nc3 O-O-O 15. O-O-O Bh6+ 16. Kc2 d6 17. b3 Bg7 18. Bf3 Bb7 19. Rhe1 f5 20. Ne2 Rde8 21.
Ng3 Bf6 22. Nxf5 Kd7 23. g3 Bc8 24. Ne3 Re7 25. Ng2 Be5 26. Re2 Rf7 27. Be4 Rhf8 28. f4 Bh8 29. Rd3 c5 30. Bg6 Rg7 31. Bxh5 Kd8 32. Kd2 Bf5 33. Rde3 Rh7 34. Re8+ Rxe8 35.
Bxe8 Bg4 36. Re1 Bd4 37. Bc6 Rh8 38. Ne3 Bc8 39. Nd5 Bd7 40. Bxd7 Kxd7 41. Re7+ Kd8 42. Rxc7 Rg8 43. Rxa7 Rxg3 44. h5 Rh3 45. Rh7 Rh2+ 46.
Kd3 Rxa2 47. b4 Ra3+ 48. Ke4 Rh3 49. b5 1-0

[Event "*** Titled Tuesday Blitz"]
[Site "Chess.com"]
[Date "2020.10.27"]
[Round "1"]
[White "maximnovik"]
[Black "Bigfish1995"]
[Result "0-1"]
[WhiteElo "2491"]
[BlackElo "3019"]
[TimeControl "180+1"]
[EndTime "10:07:03 PDT"]
[Termination "Bigfish1995 won by resignation"]

1. d4 d5 2. c4 e6 3. Nc3 h6 4. cxd5 exd5 5. Bf4 Nf6 6. e3 c6 7. Bd3 Bd6 8. Nf3 Bxf4 9. exf4 O-O 10. O-O Bg4 11.
h3 Bxf3 12. Qxf3 Qb6 13. Rfd1 Kh8 14. Rd2 Qxd4 15. Rad1 Nbd7 16. Bf5 Qb4 17. g4 Nb6 18. g5 Ng8 19. b3 Rae8 20. Ne2 g6 21. Bc2 hxg5 22.
fxg5 Qh4 23. Qg2 Re5 24. f4 Re3 25. Rd3 Rfe8 26. Rxe3 Rxe3 27. Kh2 Ne7 28. Rf1 Nd7 29. Rf3 Rxf3 30. Qxf3 Nf8 31. Qe3 Ne6 32. Qxa7 Qe1 33. Qe3 Kg8 34. Qe5 Qf2+ 35. Kh1 d4 36. Bd3 Qf3+ 37.
Kh2 Qxd3 0-1

[Event "*** Titled Tuesday Blitz"]
[Site "Chess.com"]
[Date "2020.10.27"]
[Round "1"]
[White "Mr_Sinigami"]
[Black "PSvidler"]
[Result "0-1"]
[WhiteElo "2469"]
[BlackElo "2915"]
[TimeControl "180+1"]
[EndTime "10:07:05 PDT"]
[Termination "PSvidler won on time"]

1. d4 Nf6 2. Nf3 g6 3. Bf4 Bg7 4. e3 O-O 5. h3 d6 6. Be2 c5 7.
c3 Qb6 8. Qb3 Be6 9. Qa3 Nc6 10.
Nbd2 Qa5 11. Qxa5 Nxa5 12. O-O cxd4 13. exd4 Rfc8 14. Rfe1 Rab8 15. Bd3 Nd5 16. Bg3 b5 17. a4 b4 18. c4 Nb6 19. b3 Nc6 20. d5 Bxa1 21.
Rxa1 Nxd5 22. cxd5 Bxd5 23. Bc4 Be6 24. Bxe6 fxe6 25.
Nc4 e5 26. Rd1 h6 27. h4 Kf7 28. Nfd2 Ke6 29. f3 Nd4 30. Rb1 Nf5 31. Bf2 d5 32.
Ne3 a6 33. g4 Nxe3 34. Bxe3 h5 35. gxh5 gxh5 36. Bg5 Rc2 37. Nf1 d4 38. Ng3 Rf8 39. Rf1 Rc3 40. f4 Rxg3+ 41. Kh2 Rxb3 0-1

[Event "*** Titled Tuesday Blitz"]
[Site "Chess.com"]
[Date "2020.10.27"]
[Round "1"]
[White "Sychev_Klementy"]
[Black "TheChessChannel"]
[Result "1-0"]
[WhiteElo "2852"]
[BlackElo "2450"]
[TimeControl "180+1"]
[EndTime "10:07:05 PDT"]
[Termination "Sychev_Klementy won by resignation"]

1. e4 e6 2. h4 d5 3. h5 dxe4 4. Nc3 Nf6 5. h6 gxh6 6. d3 exd3 7. Bxd3 Nc6 8. Bxh6 Bd7 9. Bg5 h6 10. Qd2 Bg7 11.
Bf4 e5 12. Be3 Qe7 13. O-O-O O-O-O 14. Nge2 Ng4 15. Kb1 f5 16. Nd5 Qd6 17. f3 Nxe3 18.
Nxe3 Be6 19. Nxf5 Qd5 20. Nc3 Qd7 21. Nxg7 Qxg7 22. Qf2 Kb8 23. Rh2 Nd4 24. Rdh1 Rd6 25. Qe3 Bf7 26. Ne4 Rb6 27. c3 Ne6 28. Rxh6 Rxh6 29.
Qxh6 Qxg2 30. Qh8+ Bg8 31. Bc2 a6 32. Nf6 Nf8 33. Nxg8 Ka7 34. Ne7 Nd7 35. Nc8+ 1-0

[Event "*** Titled Tuesday Blitz"]
[Site "Chess.com"]
[Date "2020.10.27"]
[Round "1"]
[White "aleksey1203borisovi4"]
[Black "Dii210"]
[Result "1/2-1/2"]
[WhiteElo "2517"]
[BlackElo "2111"]
[TimeControl "180+1"]
[EndTime "10:07:05 PDT"]
[Termination "Game drawn by agreement"]

1. g3 g6 2. Bg2 Bg7 3. d3 d6 4. Nc3 Nf6 5. Nf3 O-O 6. O-O Nc6 7. Bd2 e5 8. Qc1 Be6 9. Bh6 Qc8 10. Bxg7 Kxg7 11. Qd2 Bh3 12. Rad1 Bxg2 13. Kxg2 Qd8 14. e4 h6 15. Rfe1 Qd7 16. d4 Rfe8 17. dxe5 Nxe5 18. Nxe5 Rxe5 19. f4 Ree8 20. e5 Qc6+ 21. Kh3 dxe5 22.
fxe5 Nh5 23. Qd7 Qf3 24. Qg4 Qxg4+ 25. Kxg4 Rad8 26. Rxd8 Rxd8 27. e6 f5+ 28. Kf3 Kf6 29.
e7 Re8 30. Nd5+ Kf7 31. Nxc7 Rxe7 32. Rxe7+ Kxe7 33. c4 Nf6 34. Kf4 a6 35. b4 Kd6 36.
Na8 Kc6 37. a4 Nd7 38. h4 Nf6 39. Ke5 Ne4 40. g4 Nd2 41. gxf5 Nxc4+ 42. Kf6 gxf5 43.
Kxf5 b5 44. a5 Kb7 45. Nb6 Nxb6 46. axb6 Kxb6 47. h5 a5 48. bxa5+ Kxa5 49. Kg6 b4 50. Kxh6 b3 51. Kg7 b2 52. h6 b1=Q 53. h7 Qg1+ 54. Kh8 Qd4+ 55. Kg8 Qd5+ 56. Kg7 Qe5+ 57. Kg8 Qg5+ 58.
Kh8 Qh6 59. Kg8 Qg6+ 1/2-1/2

[Event "*** Titled Tuesday Blitz"]
[Site "Chess.com"]
[Date "2020.10.27"]
[Round "1"]
[White "Zhigalko_Sergei"]
[Black "BigAl"]
[Result "1-0"]
[WhiteElo "2911"]
[BlackElo "2468"]
[TimeControl "180+1"]
[EndTime "10:07:07 PDT"]
[Termination "Zhigalko_Sergei won by checkmate"]

1. e4 c6 2. d4 d5 3. e5 Bf5 4. Nf3 e6 5. Be2 Ne7 6. O-O Ng6 7. Ne1 h5 8. Bd3 Bxd3 9. Nxd3 Nd7 10. Be3 Be7 11.
Nd2 Nh4 12. f4 Nf5 13. Bf2 h4 14.
c3 g6 15. a4 Rc8 16. a5 c5 17. Nf3 cxd4 18. cxd4 Nb8 19. g4 hxg3 20. hxg3 Nc6 21. Qa4 Kf8 22. Kg2 Kg7 23. g4 Nh6 24. Kg3 g5 25.
Be3 gxf4+ 26. Nxf4 Nb4 27. Nh5+ Kf8 28. Rh1 Nc2 29.
Bxh6+ Rxh6 30. Rac1 Ne3 31. Qb3 Nc4 32. Qd3 Bg5 33.
Rc2 Ne3 34. Rxc8 Qxc8 35. Nxg5 Nc4 36. Rf1 Qd8 37. Rxf7+ Kg8 38. Nf6+ Rxf6 39. Qh7# 1-0

[Event "*** Titled Tuesday Blitz"]
[Site "Chess.com"]
[Date "2020.10.27"]
[Round "1"]
[White "Joshukid"]
[Black "ChelsieMonica"]
[Result "1-0"]
[WhiteElo "2683"]
[BlackElo "2345"]
[TimeControl "180+1"]
[EndTime "10:07:08 PDT"]
[Termination "Joshukid won by resignation"]

1. Nf3 Nf6 2. c4 e6 3. g3 Be7 4. Bg2 O-O 5. O-O d5 6. b3 c5 7. Bb2 d4 8. e3 Nc6 9. exd4 cxd4 10. Re1 a5 11. Ne5 Nxe5 12. Rxe5 Nd7 13. Rb5 Nc5 14. Ba3 Qc7 15. d3 Ra7 16. Qh5 e5 17. Bxc5 Bxc5 18. Bh3 g6 19. Qh6 f5 20. Bg2 Be6 21. Nd2 Rf6 22. Re1 Bd6 23. Bd5 Bxd5 24. Rxd5 Qg7 25. Qxg7+ Kxg7 26. Nf3 a4 27. c5 Bc7 28. b4 a3 29. Nxe5 Bxe5 30. Rexe5 Ra4 31. Rxd4 Rf7 32. Rc4 Rd7 33. d4 Kf6 34. Re3 Ra6 35. b5 Re6 36. Rxa3 Re1+ 37. Kg2 Rb1 38. c6 bxc6 39.
bxc6 Rc7 40. Re3 Rd1 41. a4 g5 42. a5 Ra1 43. d5 Rd1 44. Re6+ Kf7 45. d6 Rxc6 46.
Re7+ 1-0

[Event "*** Titled Tuesday Blitz"]
[Site "Chess.com"]
[Date "2020.10.27"]
[Round "1"]
[White "kuban1991"]
[Black "TokChess"]
[Result "0-1"]
[WhiteElo "2771"]
[BlackElo "2423"]
[TimeControl "180+1"]
[EndTime "10:07:10 PDT"]
[Termination "TokChess won on time"]

1. Nf3 Nf6 2. g3 g6 3. Bg2 Bg7 4.
O-O O-O 5. c4 d5 6. cxd5 Nxd5 7.
Nc3 Nb6 8. d3 Nc6 9. Bd2 h6 10. Rc1 e5 11. Ne4 Qe7 12. Nc5 Rd8 13. a4 a5 14. Qb3 Kh7 15. Rfd1 f5 16. e3 Nb4 17. Bxb4 axb4 18. Nd2 c6 19. Qxb4 Nxa4 20.
Ra1 b5 21. Bxc6 Rb8 22. Ndb3 Be6 23. Qa3 Bxb3 24. Nxb3 Qxa3 25. bxa3 Nb2 26. Rd2 Nxd3 27.
e4 Rbc8 28. Bd5 fxe4 29. Bxe4 Rc3 30. Nc1 Rd4 31. Ne2 Nc5 0-1

[Event "*** Titled Tuesday Blitz"]
[Site "Chess.com"]
[Date "2020.10.27"]
[Round "1"]
[White "Chamal_Gedgafov"]
[Black "Zhani-Z"]
[Result "0-1"]
[WhiteElo "2155"]
[BlackElo "2543"]
[TimeControl "180+1"]
[EndTime "10:07:10 PDT"]
[Termination "Zhani-Z won on time"]

1. d4 Nf6 2. c4 e6 3. Nc3 Bb4 4. e3 O-O 5. Ne2 c6 6. a3 Ba5 7.
b4 Bc7 8. c5 d5 9. cxd6 Bxd6 10. g3 a5 11. b5 Bd7 12. Rb1 Qe8 13. Qb3 a4 14. Qb2 Ra5 15. Nf4 e5 16. dxe5 Bxe5 17. Qb4 b6 18. Be2 cxb5 19. Nxb5 Na6 20. Qc4 Qe7 21.
Bd2 Rc8 22. Qa2 Bxf4 23. gxf4 Ne4 24. Bxa5 bxa5 25. Nd4 Nac5 26. h4 Rd8 27. Qc2 h6 0-1

[Event "*** Titled Tuesday Blitz"]
[Site "Chess.com"]
[Date "2020.10.27"]
[Round "1"]
[White "Korchmar_Vasiliy"]
[Black "MarceloPlaya"]
[Result "1-0"]
[WhiteElo "2605"]
[BlackElo "2265"]
[TimeControl "180+1"]
[EndTime "10:07:11 PDT"]
[Termination "Korchmar_Vasiliy won on time"]

1. d4 e6 2. Bf4 Nf6 3. e3 d5 4. Nf3 c5 5. Nbd2 Nc6 6. c3 Bd6 7. Bg3 O-O 8. Bd3 b6 9. Qe2 Bb7 10. Rd1 Qe7 11. e4 Bxg3 12. hxg3 cxd4 13. e5 Ne4 14. Nxe4 dxe4 15. Bxe4 g6 16. Nxd4 Nxd4 17.
Rxd4 Bxe4 18. Qxe4 f5 19. exf6 Qxf6 20. O-O Rad8 21. Rxd8 Rxd8 22. Re1 Kf7 23. Qb7+ Qe7 24. Qe4 Rd5 25. Qxd5 exd5 26. Rxe7+ Kxe7 27. Kf1 Kd6 28. Ke2 Ke5 29. Ke3 g5 30. g4 h6 31. g3 b5 32. f4+ Ke6 33. Kd4 Kd6 34. f5 a5 35.
b3 Kc6 36. Ke5 b4 37. cxb4 axb4 38. f6 1-0

[Event "*** Titled Tuesday Blitz"]
[Site "Chess.com"]
[Date "2020.10.27"]
[Round "1"]
[White "ARMQUEEN"]
[Black "gixfantastix"]
[Result "0-1"]
[WhiteElo "2505"]
[BlackElo "2108"]
[TimeControl "180+1"]
[EndTime "10:07:11 PDT"]
[Termination "gixfantastix won by resignation"]

1. e4 c6 2. d4 d5 3. Nc3 dxe4 4. Nxe4 Nf6 5. Nxf6+ exf6 6. Nf3 Bd6 7. Bd3 O-O 8.
Be3 Qc7 9. Qd2 Nd7 10. O-O-O b5 11. h4 Nb6 12. h5 a5 13. h6 g6 14. Nh4 Be6 15. f4 f5 16. g4 fxg4 17. f5 Bd5 18. Rhg1 Rfe8 19. Bg5 Bxa2 20. Rxg4 Nc4 21. Bxc4 Bxc4 22.
fxg6 fxg6 23. Bf6 Re2 24. Qg5 Bf7 25. Nf5 Bf8 26. Be5 Qd8 27. Qf4 Qd5 28. Ng3 Rg2 29. Ne4 Qa2 30. Nf6+ Kh8 31. Nd5+ Kg8 32. Nc3 Qa1+ 33.
Nb1 Ba2 34. Qf7+ Kxf7 35. Rf1+ Kg8 36. Rxf8+ Kxf8 37. Rxg2 Qxb1+ 38. Kd2 Qxb2 39. Rf2+ Kg8 40. Rf6 Qb4+ 41. Ke3 Qe7 42. Rxc6 Bd5 43. Rc7 Qxc7 44. Bxc7 a4 45. Kf4 a3 46. Ke5 Bf7 47. Kf6 a2 0-1

[Event "*** Titled Tuesday Blitz"]
[Site "Chess.com"]
[Date "2020.10.27"]
[Round "1"]
[White "aa175"]
[Black "CheckThis4"]
[Result "0-1"]
[WhiteElo "2222"]
[BlackElo "2580"]
[TimeControl "180+1"]
[EndTime "10:07:12 PDT"]
[Termination "CheckThis4 won on time"]

1. d4 d5 2. Bf4 Nf6 3. e3 e6 4. Nf3 Bd6 5. Nbd2 O-O 6. Bd3 b6 7. Ne5 Ba6 8. c4 dxc4 9. Ndxc4 Bb4+ 10. Ke2 Nd5 11. Bg3 f6 12. Nf3 b5 13. Ncd2 c5 14.
a3 Bxd2 15. Qxd2 c4 16. Bc2 b4 17. Qc1 b3 18. Bd1 c3+ 19. Ke1 c2 20. Be2 Qb6 21.
Nd2 Bxe2 22. Kxe2 Qa6+ 23. Kf3 Qb7 24. e4 Nc6 25. exd5 Nxd4+ 26. Ke3 exd5 27. Kxd4 Qb6+ 28. Kd3 Qb5+ 29. Ke3 d4+ 30. Kf4 Qg5+ 31. Kf3 Qh5+ 32. Kf4 g5+ 33. Ke4 Rfe8+ 34. Kd3 Qe2+ 35. Kxd4 Red8+ 36. Kc3 Qd3+ 37. Kb4 a5+ 38. Ka4 Rd4+ 0-1

[Event "*** Titled Tuesday Blitz"]
[Site "Chess.com"]
[Date "2020.10.27"]
[Round "1"]
[White "GelmanAlexander"]
[Black "GM4life"]
[Result "1-0"]
[WhiteElo "2565"]
[BlackElo "2201"]
[TimeControl "180+1"]
[EndTime "10:07:12 PDT"]
[Termination "GelmanAlexander won by resignation"]

1. d4 Nf6 2. Nc3 d5 3. Bf4 c5 4.
e3 e6 5. Nb5 Na6 6. c3 Be7 7.
g4 O-O 8. g5 Ne4 9. f3 cxd4 10.
fxe4 dxe3 11. Bxe3 Bxg5 12. Bxg5 Qxg5 13. Nf3 Qf4 14.
e5 Nc5 15. Bg2 Ne4 16. Qe2 Bd7 17. Nbd4 f6 18. exf6 Rxf6 19. O-O e5 20. Nc2 Rh6 21. Ne3 Be6 22. Rad1 Rd8 23. c4 d4 24. Nd5 Bxd5 25.
cxd5 Ng5 26. Rf2 Ne4 27. Rff1 Ng5 28. h4 Nxf3+ 29. Qxf3 Qxf3 30. Rxf3 Rxh4 31. Rf5 e4 32. Rxd4 g6 33. Re5 Kg7 34. Rdxe4 Rh6 35. Re7+ Kf6 36. Rxb7 Rxd5 37. Rf4+ Rf5 38. Rxf5+ Kxf5 39. Rxa7 Rh4 40. Ra5+ Kf6 41. a3 h5 42. b4 Rd4 43. b5 g5 44. b6 Rd1+ 45. Kh2 Rb1 46. b7 g4 47. Ra8 h4 48. b8=Q g3+ 49. Kh3 Rxb8 50. Rxb8 Kg5 51. Rb4 1-0

[Event "*** Titled Tuesday Blitz"]
[Site "Chess.com"]
[Date "2020.10.27"]
[Round "1"]
[White "capatl"]
[Black "Azerichess"]
[Result "0-1"]
[WhiteElo "2487"]
[BlackElo "2991"]
[TimeControl "180+1"]
[EndTime "10:07:13 PDT"]
[Termination "Azerichess won by resignation"]

1. c4 e5 2. Nc3 Nf6 3. g3 Bb4 4. Qc2 O-O 5. Bg2 c6 6. a3 Ba5 7. b4 Bb6 8. Nf3 Re8 9. c5 Bc7 10. Bb2 d5 11. cxd6 Qxd6 12. O-O h6 13. d3 Bf5 14.
Rad1 Nbd7 15. b5 Rac8 16. bxc6 bxc6 17. Nd2 Nb6 18. Nce4 Nxe4 19. Nxe4 Qg6 20. Rc1 Bb8 21. Qc5 Red8 22. Qa5 h5 23. Rc5 Nd7 24. Rc2 h4 25. Rfc1 h3 26. Bh1 Nb6 27. Rc5 Rd5 28. Nd2 Rxc5 29.
Rxc5 Bg4 30. Bf3 Nd7 31. Rc4 Bxf3 32. Nxf3 Qe6 33. Qa6 Nb6 34. Ng5 Qd5 35. Re4 Qb3 36. f4 Qxb2 37. Qb7 Bc7 38. fxe5 Qc1+ 39. Kf2 Qxg5 40.
Qxc6 Qf5+ 41. Rf4 Qxe5 42. Qb7 Re8 43. Re4 Qf6+ 44. Ke3 Rxe4+ 45. Qxe4 Qe5 46. Qxe5 Bxe5 47. d4 Bxg3 48. Kd3 Bxh2 0-1

[Event "*** Titled Tuesday Blitz"]
[Site "Chess.com"]
[Date "2020.10.27"]
[Round "1"]
[White "Gloomy_Wanderer"]
[Black "mc4chess"]
[Result "0-1"]
[WhiteElo "2701"]
[BlackElo "2401"]
[TimeControl "180+1"]
[EndTime "10:07:13 PDT"]
[Termination "mc4chess won by resignation"]

1. d4 Nf6 2. Nf3 e6 3. c4 c5 4. d5 b5 5. dxe6 fxe6 6. cxb5 d5 7. Nc3 Bb7 8. e3 Bd6 9. e4 d4 10. e5 dxc3 11. Qxd6 Qxd6 12. exd6 cxb2 13. Bxb2 O-O 14.
Rd1 Nbd7 15. Bc4 Nd5 16. Ne5 N7b6 17. O-O Rad8 18. Rfe1 Rxd6 19. Bb3 Rdd8 20. a4 Nf4 21. f3 Bd5 22. Bc2 Nc4 23. Bc3 Nd6 24. Ba5 Rde8 25. Nd7 Rf7 26. Nxc5 Rc8 27. Bb4 Nb7 28. Nxb7 Rxc2 29.
Rd2 Rxd2 30. Bxd2 Bxb7 31. a5 Bd5 32. b6 axb6 33. axb6 Nd3 34. Ra1 Rb7 35. Be3 Ne5 36. Ra8+ Kf7 37. Rh8 h6 38. Rc8 Nc4 39. Rc7+ Rxc7 40.
bxc7 Bb7 41. Bc5 Ke8 42. Kf2 g6 43. g4 Kd7 44. Be3 Nxe3 45. Kxe3 Kxc7 46. f4 Kd6 47. Kd4 Bd5 48. h4 Bf3 49. g5 h5 0-1

[Event "*** Titled Tuesday Blitz"]
[Site "Chess.com"]
[Date "2020.10.27"]
[Round "1"]
[White "Vanina1989"]
[Black "kai_nov"]
[Result "1-0"]
[WhiteElo "2641"]
[BlackElo "2292"]
[TimeControl "180+1"]
[EndTime "10:07:13 PDT"]
[Termination "Vanina1989 won on time"]

1. e4 c5 2. Nf3 Nc6 3. Bb5 e6 4. O-O Nge7 5. Re1 a6 6. Bf1 d5 7. Nc3 d4 8. Ne2 Ng6 9. d3 Be7 10. Ng3 O-O 11. c3 dxc3 12. bxc3 e5 13. Nf5 Be6 14.
Nxe7+ Qxe7 15. Ng5 h6 16. Nxe6 Qxe6 17. Be3 Qe7 18.
Qb3 b5 19. Qd5 Rfc8 20. Qxc5 Qf6 21. Qa3 Rd8 22. Rad1 Nf4 23. d4 exd4 24. cxd4 Nxd4 25.
e5 Nh3+ 26. Kh1 Nxf2+ 27. Kg1 Nh3+ 28. gxh3 Qg6+ 29. Kh1 Nf3 30. Bg2 Nxe1 31. Rxe1 Qc2 32. Bxa8 Rxa8 33. Bc5 Rd8 34. Bd6 Qf2 35. Qg3 Qxa2 36.
Qf3 Rc8 37. e6 fxe6 38. Rg1 1-0